 Dungeon Crawl Stone Soup version 0.23-a0-448-g1c01f63 (webtiles) character file.

22 Lavandula the Sneak (level 2, -2/22 HPs)
             Began as a Naga Air Elementalist on Nov 21, 2018.
             Slain by an ogre
             ... wielding a +0 giant club
              (24 damage)
             ... on level 4 of the Dungeon.
             The game lasted 00:01:59 (223 turns).

Lavandula the Sneak (Naga Air Elementalist)          Turns: 223, Time: 00:02:01

Health: -2/22      AC:  1    Str: 10    XL:     2   Next: 91%
Magic:  4/6        EV: 10    Int: 15    God:
Gold:   87         SH:  0    Dex: 11    Spells: 6/7 levels left

rFire    . . .     SeeInvis +   e - +0 dagger
rCold    . . .     Gourm    .   (no shield)
rNeg     . . .     Faith    .   a - +0 robe
rPois    +         Spirit   .   (no helmet)
rElec    .         Reflect  .   (no cloak)
rCorr    .         Harm     .   (no gloves)
MR       .....                  (no barding)
Stlth    ++........             (no amulet)
HPRegen  0.07/turn              (no ring)
MPRegen  0.10/turn              (no ring)

@: short of breath, very slow
A: large, see invisible, deformed body, poison resistance, slowness 2, slow
metabolism 1, spit poison 1, AC +0
a: Spit Poison


You were on level 4 of the Dungeon.
You were not hungry.

You visited 1 branch of the dungeon, and saw 4 of its levels.

You collected 87 gold pieces.

Inventory:

Hand Weapons
 e - a +0 dagger (weapon)
 g - a +0 trident
Armour
 a - a +0 robe (worn)
 f - a cursed +0 ring mail
Scrolls
 b - a scroll of remove curse {unknown}
 h - a scroll of blinking {unknown}
Potions
 d - a potion of ambrosia {unknown}
Comestibles
 c - 2 rations


   Skills:
 - Level 1.5 Dodging
 - Level 3.0 Stealth
 + Level 0.5 Unarmed Combat
 - Level 3.0 Spellcasting
 - Level 1.0 Conjurations
 - Level 3.0 Air Magic


You had 6 spell levels left.
You knew the following spells:

 Your Spells              Type           Power        Failure   Level  Hunger
a - Shock                 Conj/Air       #...         9%          1    #......

Your spell library contained the following spells:

 Spells                   Type           Power        Failure   Level  Hunger
 Swiftness                Chrm/Air       #.......     16%         2    ##.....
 Static Discharge         Conj/Air       #.......     26%         3    ###....
 Airstrike                Air            ##........   50%         4    #####..
 Lightning Bolt           Conj/Air       #.........   94%         5    ######.


Dungeon Overview and Level Annotations

Branches:
Dungeon (4/15)
 Temple: D:4-7

Altars:


Innate Abilities, Weirdness & Mutations

You cannot wear boots.
Your serpentine skin is tough. (AC +0)
You have supernaturally acute eyesight. (SInv)
Armour fits poorly on your strangely shaped body.
Your system is resistant to poisons. (rPois)
You cover ground very slowly.
You have a slow metabolism.
You can spit poison.


Message History

The zap hits the adder skeleton.
The adder skeleton is severely damaged.
The zap hits the adder skeleton.
You destroy the adder skeleton!
An ogre comes into view. It is wielding a +0 giant club.
The ogre shouts!
Found a stone staircase leading down.
h - a scroll labeled KOOTIA BEEVVI The ogre barely misses you.
Casting: Shock (safe; 9% risk of failure)
Confirm with . or Enter, or press ? or * to list all spells.
Aiming: Shock (safe; 9% risk of failure)
Press: ? - help, Shift-Dir - straight line
Okay, then.
Press: ? - help, Shift-Dir - straight line, f - ogre
Aim: an ogre, wielding a +0 giant club The splash of poison misses the ogre.
You feel slightly more hungry.
The ogre hits you with a +0 giant club!!
Ouch! That really hurt!
You die...

.........#. ...
......... ...
.......# # ....
....>.#.## .....
#........#...).
.....##.......##.....
......#.......#......
......O.#............
.....##@###..........
.#......###.#.....)..
##..##..##.#........
##....#....<.......
#........%.......#.
#..#####.........##
#.. ##........# #.
#.........#
............


You could see an ogre.

Vanquished Creatures
  An adder (D:3)
  An adder skeleton (D:4)
  2 hobgoblins (D:2)
  2 kobolds (D:1)
  A quokka (D:2)
  2 bats
  3 frilled lizards (D:1)
12 creatures vanquished.

Notes
Turn   | Place    | Note
-------+----------+-------------------------------------------
     0 | D:1      | Lavandula the Naga Air Elementalist began the quest for the
                  | Orb.
     0 | D:1      | Reached XP level 1. HP: 15/15 MP: 3/3
   123 | D:2      | Reached XP level 2. HP: 16/22 MP: 1/5
   217 | D:4      | Noticed an ogre
   223 | D:4      | Slain by an ogre

Vault maps used:
D:1:      roderic_chinese_lattice_arrival
D:2:      uniq_natasha, uniq_sigmund, uniq_robin
D:4:      chequers_temple_overflow_statue_of_worship, minmay_checkerbox

Skill      XL: |  1  2 |
---------------+-------+-----
Spellcasting   | 3 |  3.0
Dodging        | |  1.5
Stealth        | |  3.0
Unarmed Combat | |  0.5
Conjurations   | |  1.0
Air Magic      | |  3.0

Action                   || total
-------------------------++-------
Melee: Dagger            ||     4
 Cast: Shock             ||    14
 Abil: Spit Poison       ||     9
Armor: Robe              ||     2
Dodge: Dodged            ||    15

Table legend:
 A = Non-vault XP
 B = Vault XP
 C = Vault XP percentage of total XP
 D = Non-vault monster count
 E = Vault monster count
 F = Vault count percentage of total count
                 A         B        C        D         E       F
            +---------+---------+-------+---------+---------+-------
      Total |      27 |       5 |  15.6 |      11 |       1 |   8.3
            +---------+---------+-------+---------+---------+-------
        D:1 |       7 |       0 |   0.0 |       6 |       0 |   0.0
        D:2 |       6 |       0 |   0.0 |       3 |       0 |   0.0
        D:3 |      14 |       0 |   0.0 |       2 |       0 |   0.0
        D:4 |       0 |       5 | 100.0 |       0 |       1 | 100.0
            +---------+---------+-------+---------+---------+-------
